 Dungeon Crawl Stone Soup version 0.32-a0-705-g60f233581c (webtiles) character file.

Game seed: 2728893821418749987

5295 croobank the Chiller (level 10, -4/69 HPs)
             Began as a Demigod Ice Elementalist on Mar 14, 2024.
             Slain by a large slime creature (28 damage)
             ... on level 8 of the Dungeon.
             The game lasted 00:23:48 (7681 turns).

croobank the Chiller (Demigod Ice Elementalist)     Turns: 7681, Time: 00:23:48

Health: -4/69      AC:  6    Str:  9    XL:     10   Next: 15%
Magic:  15/23      EV: 14    Int: 29    God:
Gold:   257        SH:  0    Dex: 14    Spells: 4/21 levels left

rFire   . . .        G - +4 short sword (venom)
rCold   . . .        (no shield)
rNeg    . . .        a - +0 robe
rPois   .            C - +0 hat
rElec   .            t - +0 cloak
rCorr   .            w - +1 pair of gloves
SInv    .            A - +0 pair of boots
Will    +....        (no amulet)
Stlth   ++++         (no ring)
HPRegen 0.31/turn    (no ring)
MPRegen 0.18/turn

%: no passive effects
@: freezing walls, studying Ranged Weapons, inugami summoned
A: high MP 1, forlorn, divine attributes
a: no special abilities


You were on level 8 of the Dungeon.
You visited 1 branch of the dungeon, and saw 8 of its levels.

You collected 257 gold pieces.

Inventory:

Hand Weapons
 c - a +2 spear of venom
 q - a +0 sling
 v - a +0 trident
 G - a +4 short sword of venom (weapon)
Missiles
 g - 10 poisoned darts (quivered)
Armour
 a - a +0 robe (worn)
 t - a +0 cloak (worn)
 w - a +1 pair of gloves (worn)
 A - a +0 pair of boots (worn)
 C - a +0 hat (worn)
Magical Staves
 i - a staff of conjuration
Jewellery
 H - a ring of ice
Talismans
 E - a dragon-blood talisman
 F - a beast talisman
Wands
 b - a wand of charming (11)
 f - a wand of warping (5)
 r - a wand of acid (12)
 y - a wand of flame (23)
 B - a wand of mindburst (6)
Scrolls
 h - 4 scrolls of teleportation
 l - 3 scrolls of revelation {unknown}
 p - 2 scrolls of immolation {unknown}
 x - a scroll of enchant weapon {unknown}
 D - a scroll of amnesia {unknown}
 I - a scroll of enchant armour {unknown}
 J - a scroll of blinking {unknown}
Potions
 d - 2 potions of attraction
 e - 3 potions of haste
 k - a potion of brilliance
 m - a potion of might
 n - 2 potions of resistance
 o - 3 potions of curing
 s - a potion of magic
 u - 2 potions of lignification {unknown}
 z - 4 potions of invisibility {unknown}


   Skills:
 + Level 6.8 Dodging
 + Level 7.4 Stealth
 + Level 6.2 Spellcasting
 - Level 5.0 Summonings
 + Level 7.6 Ice Magic


You had 4 spell levels left.
You knew the following spells:

 Your Spells              Type           Power      Damage    Failure   Level
a - Freeze                Ice            100%       1d10      1%          1
b - Frozen Ramparts       Ice            100%       1d16      1%          3
c - Call Canine Familiar  Summ           38%        N/A       2%          3
d - Summon Ice Beast      Ice/Summ       45%        N/A       1%          3
e - Summon Blazeheart Go  Fire/Summ      23%        N/A       21%         4
O - Ozocubu's Armour      Ice            52%        N/A       1%          3

Your spell library contained the following spells:

 Spells                   Type           Power      Damage    Failure   Level
 Summon Small Mammal      Summ           100%       N/A       1%          1
 Slow                     Hex            36%        N/A       5%          1
 Confusing Touch          Hex            9%         N/A       17%         3
 Dazzling Flash           Conj/Hex       18%        N/A       17%         3
 Vampiric Draining        Necr           9%         2d6       17%         3
 Starburst                Conj/Fire      4%         6d4       100%        6
 Maxwell's Capacitive Co  Air            4%         ∞         100%        8


Dungeon Overview and Level Annotations

Branches:
Dungeon (8/15)             Temple (0/1) D:4
   Lair: D:8-11

Shops:
D:6 =*

Annotations:
D:3 1 runed translucent door, Crazy Yiuf
D:8 Joseph


Innate Abilities, Weirdness & Mutations

You have an increased reservoir of magic. (+10% MP)
You shall have no god before yourself.
Your divine heritage dramatically boosts your attributes as you level up.


Message History

Adjust which spell?
Okay, then.
You see here a staff of conjuration.
A slime creature comes into view.
The slime creature moves out of view.
The slime creature quivers.
Joseph, a Mercenary comes into view.
He is wielding a +0 quarterstaff.
Found a blackened emerald ring.
Found a basalt altar of Yredelemnul.
A slime creature comes into view.
The slime creature hits you!
The slime creature attacks as it pursues you!
The slime creature barely misses you.
Casting: Frozen Ramparts (safe; 1% risk of failure)
Confirm with . or Enter, or press ? or * to list all spells.
Casting: Frozen Ramparts (safe; 1% risk of failure)
Press: ? - help, Dir - look around, f - activate The walls around you are covered in ice.
The slime creature quivers.
The wall freezes the slime creature!
The slime creature hits you!
Casting: Frozen Ramparts (safe; 1% risk of failure)
Confirm with . or Enter, or press ? or * to list all spells.
A chill wind blows around you.
Two slime creatures merge to form a large slime creature.
Casting: Summon Ice Beast (safe; 1% risk of failure)
Confirm with . or Enter, or press ? or * to list all spells.
You call for your canine familiar and it appears with a howl!
You barely miss the large slime creature.
The large slime creature is lightly wounded.
The wall freezes the large slime creature.
The large slime creature hits you!
You hit the large slime creature.
The large slime creature is lightly wounded.
The wall freezes the large slime creature!
The large slime creature hits you!
Your inugami hits the large slime creature.
You hit the large slime creature.
The large slime creature is moderately wounded.
The wall freezes the large slime creature!
The large slime creature hits you!!
You die...

#.........#.#.#.#..##
............###.###..#
...#######..#.#|#.#.#.#
... #..#..###..#.# ..
#..#.#.#.#.#.#
#...###.###..# ####
#....#.#.#.#.##
....##.....###..#..#
........Yh@.#...#..####
.........J#..###......#
..........##.....####..#
...##....######## .#
=..##....# .. .........#
## .........########
...§..............
.≈≈≈≈..####.._..##


You could see a large slime creature (ally target), a friendly ice beast
(summoned) and a friendly inugami (summoned).

Vanquished Creatures
  Pikel (D:5)
  A deep elf pyromancer (D:8)
  A cyclops (D:8)
  Maurice (D:7)
  Sigmund (D:5)
  A yak (D:8)
  A water moccasin (D:6)
  A sky beast (D:6)
  2 ogres
  A lemure (D:5)
  A phantom (D:5)
  5 bullfrogs
  A kobold brigand (D:6)
  2 gnoll sergeants
  7 scorpions
  4 killer bees (D:7)
  A nameless horror (D:5)
  A howler monkey (D:6)
  A hound (D:6)
  A bombardier beetle (D:3)
  2 jellies (D:4)
  An orc priest (D:3)
  3 iguanas (D:6)
  2 orc wizards
  6 gnolls
  9 adders
  A shadow imp (D:6)
  2 white imps
  2 ufetubi (D:6)
  3 dart slugs
  A ribbon worm (D:2)
  7 orcs
  4 bats
  2 endoplasms (D:1)
  6 giant cockroaches
  5 goblins
  7 hobgoblins
  2 jackals (D:3)
  4 quokkas
  4 ball pythons
  3 frilled lizards
  15 kobolds
  3 rats (D:1)
129 creatures vanquished.

Vanquished Creatures (collateral kills)
  A steam dragon (D:8)
  2 water moccasins
  5 ice beasts
  An orc warrior (D:6)
  A sky beast (D:8)
  A phantom (D:6)
  A kobold brigand (D:6)
  A scorpion (D:5)
  A killer bee (D:7)
  An orc priest (D:7)
  An iguana (D:7)
  2 orc wizards (D:7)
  A gnoll (D:6)
  A shadow imp (D:6)
  3 orcs
  3 kobolds (D:6)
26 creatures vanquished.

Vanquished Creatures (others)
  A killer bee (D:7)
  An orc wizard (D:3)
2 creatures vanquished.

Grand Total: 157 creatures vanquished

Notes
Turn   | Place    | Note
-------+----------+-------------------------------------------
     0 | D:1      | croobank the Demigod Ice Elementalist began the quest for
                  | the Orb.
     0 | D:1      | Reached XP level 1. HP: 14/14 MP: 5/5
   483 | D:1      | Reached XP level 2. HP: 20/20 MP: 5/7
  1460 | D:2      | Reached XP level 3. HP: 24/26 MP: 4/8
  1468 | D:2      | Learned a level 3 spell: Frozen Ramparts
  2039 | D:3      | Reached XP level 4. HP: 15/33 MP: 4/10
  2247 | D:3      | Found a runed translucent door.
  2248 | D:3      | Noticed Crazy Yiuf
  2300 | D:3      | Reached XP level 5. HP: 37/38 MP: 6/11
  2304 | D:3      | Learned a level 3 spell: Ozocubu's Armour
  3199 | D:4      | Reached XP level 6. HP: 37/45 MP: 4/13
  3273 | D:4      | Found a staircase to the Ecumenical Temple.
  3542 | D:4      | Found the +3 Elemental Staff {ele, rElec rF+ rC+ AC+3}
  3694 | D:5      | Entered Level 5 of the Dungeon
  3881 | D:5      | Noticed Pikel
  3901 | D:5      | Killed Pikel
  3902 | D:5      | Reached skill level 5 in Ice Magic
  3902 | D:5      | Reached XP level 7. HP: 48/50 MP: 6/16
  3908 | D:5      | Learned a level 3 spell: Summon Ice Beast
  4041 | D:5      | Noticed Sigmund
  4056 | D:5      | Learned a level 3 spell: Call Canine Familiar
  4080 | D:5      | Killed Sigmund
  4279 | D:5      | Reached skill level 5 in Stealth
  4279 | D:5      | Reached skill level 1 in Summonings
  4310 | D:5      | Reached XP level 8. HP: 57/57 MP: 13/17
  4617 | D:5      | Reached skill level 5 in Dodging
  5063 | D:6      | Reached skill level 5 in Spellcasting
  5187 | D:6      | Reached XP level 9. HP: 35/62 MP: 5/20
  5573 | D:6      | Found Penijaeg's Jewellery Boutique.
  5822 | D:6      | Found Athaun's Serpentskin Sales.
  6036 | D:7      | Noticed Maurice
  6071 | D:7      | Killed Maurice
  7420 | D:8      | Noticed a deep elf pyromancer
  7439 | D:8      | Killed a deep elf pyromancer
  7440 | D:8      | Reached XP level 10. HP: 51/69 MP: 6/23
  7444 | D:8      | Noticed a cyclops
  7487 | D:8      | Killed a cyclops
  7488 | D:8      | Reached skill level 5 in Summonings
  7635 | D:8      | Learned a level 4 spell: Summon Blazeheart Golem
  7666 | D:8      | Noticed Joseph
  7681 | D:8      | Slain by a large slime creature

Illustrated notes

Levels and vault maps discovered:
D:1:      ncdulo_halloftheorcs, layout_loops_corners
D:2:      layout_rooms
D:3:      layout_basic, grunt_qazlal_clouds, ebering_ecumenical_altar_abandoned,
          uniq_crazy_yiuf_cottage
D:4:      layout_cave_pools, minmay_temple_entry_stoned_glass
D:5:      layout_loops_cross, kennysheep_little_box,
          mainiacjoe_overflow_alcove_4, uniq_pikel, uniq_sigmund
D:6:      layout_cave_pools, trog_butcher_becter, serial_shops,
          nicolae_shop_window_shopping, guppyfry_shop_venom
D:7:      layout_rooms, led_sif_book, serial_park_tiny_pond, chequers_avenue,
          minmay_misc_feat_doors, uniq_maurice
D:8:      layout_gridville, mainiacjoe_overflow_boulevard, minmay_manual_mail,
          uniq_joseph

Skill      XL: |  1  2  3  4  5  6  7  8  9 10 |
---------------+-------------------------------+-----
Stealth        | 2 3 4 5 6 7 |  7.4
Dodging        | 2 3 4 5 6 |  6.8
Spellcasting   | 2 3 4 5 6 |  6.2
Ice Magic      | 4 5 6 7 |  7.6
Summonings     | 1 3 4 5 |  5.0

Action                     |  1- 3 |  4- 6 |  7- 9 | 10-12 || total
---------------------------+-------+-------+-------+-------++-------
  Melee: Dagger            |    25 |    49 |    74 |       ||   148
         Short sword       |       |       |    18 |     3 ||    21
  Throw: Dart              |       |     7 |     1 |       ||     8
   Cast: Freeze            |    48 |     8 |     2 |       ||    58
         Frozen Ramparts   |     7 |    16 |    29 |     3 ||    55
         Ozocubu's Armour  |       |     9 |    17 |     1 ||    27
         Call Canine Famil |       |       |    18 |     1 ||    19
         Summon Ice Beast  |       |       |    19 |     2 ||    21
  Evoke: Wand              |       |       |    11 |       ||    11
    Use: Scroll            |     3 |       |     6 |       ||     9
         Potion            |     4 |       |       |       ||     4
   Stab: Sleeping          |     1 |     1 |     4 |       ||     6
 Armour: Robe              |    34 |    52 |   113 |     5 ||   204
  Dodge: Dodged            |    43 |    50 |    99 |     1 ||   193

Table legend: (Time is in decaauts)
 A = Elapsed time spent in this place.
 B = Non-inter-level travel time spent in this place.
 C = Inter-level travel time spent in this place.
 D = Time resting spent in this place.
 E = Time spent auto-exploring this place.
 F = Levels seen in this place.
 G = Mean time per level.
                   A        B        C        D        E       F      G
               +--------+--------+--------+--------+--------+-----+--------+
         Total |   7680 |   7519 |    161 |   1033 |   5104 |   8 |  960.0 |
       Dungeon |   7680 |   7519 |    161 |   1033 |   5104 |   8 |  960.0 |
               +--------+--------+--------+--------+--------+-----+--------+

Top non-repeatable levels by time:
     D:7: 1326 daAuts
     D:5: 1256 daAuts
     D:1: 1117 daAuts
     D:3: 1062 daAuts
     D:6: 970 daAuts
     D:2: 760 daAuts
     D:4: 753 daAuts
     D:8: 434 daAuts
